 Dungeon Crawl Stone Soup version 0.31.0-32-g396128a36d (webtiles) character file.

Game seed: 7737163797021959987

19 Alphaeus the Ruffian (level 2, -1/18 HPs)
             Began as an Octopode Shapeshifter on Mar 19, 2024.
             Slain by a kobold
             ... wielding a +0 dagger
              (2 damage)
             ... on level 1 of the Dungeon.
             The game lasted 00:00:26 (305 turns).

Alphaeus the Ruffian (Octopode Shapeshifter)         Turns: 305, Time: 00:00:27

Health: -1/18      AC:  1    Str: 13    XL:     2   Next: 75%
Magic:  2/2        EV: 13    Int: 12    God:
Gold:   10         SH:  0    Dex: 11    Spells: 1/1 levels left

rFire   . .          .
                       - Unarmed
rCold   . . .        (no shield)
rNeg    . . .        (helmet currently unavailable)
rPois   .            (no amulet)
rElec   .            (no ring)
rCorr   .            (no ring)
SInv    .            (no ring)
Will    .....        (no ring)
Stlth   ++           (no ring)
HPRegen 0.23/turn    (no ring)
MPRegen 0.08/turn    (no ring)
                     (no ring)

%: no passive effects
@: beast-form
A: beast (slay +1), almost no armour, amphibious, 8 rings, camouflage 1,
gelatinous body 1, (nimble swimmer 1), tentacles
a: Begin Untransformation


You were on level 1 of the Dungeon.
You were a hulking beast.
You visited 1 branch of the dungeon, and saw 1 of its levels.

You collected 10 gold pieces.

Inventory:

Talismans
 b - a beast talisman
 c - a flux talisman
Scrolls
 d - a scroll of identify {unknown}
Potions
 a - a potion of lignification
 e - a potion of resistance {unknown}


   Skills:
 + Level 1.2 Fighting
 + Level 2.2 Dodging
 * Level 3.3 Unarmed Combat
 * Level 3.2 Shapeshifting


You had one spell level left.
You didn't know any spells.
Your spell library was empty.

Dungeon Overview and Level Annotations

Branches:
Dungeon (1/15)

Altars:


Innate Abilities, Weirdness & Mutations

You are a hulking beast.
Your limbs bulge with bestial killing power. (Slay +1)
You cannot wear most types of armour.
You are amphibious.
You can wear up to eight rings at the same time.
Your skin changes colour to match your surroundings (Stealth+).
Your rubbery body absorbs attacks. (AC +1, EV +1)
((You are camouflaged when in or above water. (Stealth+)))
You have tentacles for arms and can constrict up to eight enemies at once.


Message History

Found 6 stones.
An endoplasm comes into view.
The helpless kobold fails to defend itself.
You tentacle-slap the kobold.
You kill the kobold!
A ball python comes into view.
You see here a +0 whip.
An endoplasm comes into view.
Found a robe.
A kobold comes into view. It is wielding a +0 dagger.
The kobold shouts!
You hear a loud squeak. x2
A bat comes into view.
A rat comes into view.
A quokka comes into view.
The bat moves out of view.
Found a stone staircase leading down.
An endoplasm comes into view.
You barely miss the endoplasm. The endoplasm hits you.
The quokka twitches its whiskers.
The endoplasm quivers. x2
You tentacle-slap the bat.
You kill the bat!
The endoplasm freezes you.
You are frozen.
You bludgeon the ball python!
You kill the ball python!
The endoplasm freezes you.
You are frozen.
A rat comes into view.
You are too injured to fight recklessly!
There are monsters nearby!
There are monsters nearby!
You are too injured to fight recklessly!
The quokka bites you. The kobold attacks as it pursues you!
The kobold hits you with a +0 dagger.
* * * LOW HITPOINT WARNING * * *
The endoplasm attacks as it pursues you!
The endoplasm closely misses you. The quokka barely misses you.
The kobold attacks as it pursues you! The kobold hits you with a +0 dagger.
* * * LOW HITPOINT WARNING * * *
The kobold attacks as it pursues you! The kobold hits you with a +0 dagger.
You die...

#### #.### >..##
.......... ....#
...##.#.......#
#..##.#.#.....#
#..##.#.#......
#..##.#.....#.#
##.######..##.#r†......
#..
#....(......hK.JJ...[..
#..
#..######..####r....r.#
... #..# #..# #........
..# #..# #..# ###.#...#
..# #..# ##.# .# ..#
..# #†.# #.######.# .#
..###..# #........# #
.....†.# #.########
..###.########.#


You could see 2 endoplasms, a quokka, a kobold and a rat.

Vanquished Creatures
  A ball python (D:1)
  An endoplasm (D:1)
  2 goblins (D:1)
  3 jackals (D:1)
  4 kobolds (D:1)
  2 quokkas (D:1)
  2 bats (D:1)
15 creatures vanquished.

Notes
Turn   | Place    | Note
-------+----------+-------------------------------------------
     0 | D:1      | Alphaeus the Octopode Shapeshifter began the quest for the
                  | Orb.
     0 | D:1      | Reached XP level 1. HP: 13/13 MP: 1/1
   116 | D:1      | Found a faded altar of an unknown god.
   197 | D:1      | Reached XP level 2. HP: 15/18 MP: 2/2
   305 | D:1      | Slain by a kobold

Illustrated notes

Levels and vault maps discovered:
D:1:      saegor_arrival_under_anarchy, layout_loops_ring,
          shapermc_ecumenical_altar_acropolis, serial_bayou_pond_e,
          due_unseen_surprise

Action                     || total
---------------------------++-------
  Melee: Unarmed           ||    33
         Constrict         ||    10
         Tentacles         ||     8
         Punch             ||     2
   Stab: Sleeping          ||     3
 Armour: Skin              ||    17
  Dodge: Dodged            ||    16
